 Dungeon Crawl Stone Soup version 0.30-a0-728-gc68057be0a (webtiles) character file.

Game seed: 16566634655608777687

6649 Dittersdorf the Protected (level 11, -3/72 HPs)
             Began as a Gargoyle Fighter on Jan 31, 2023.
             Was a Follower of Okawaru.
             Slain by an orc knight
             ... wielding a +3 dire flail of venom
              (7 damage)
             ... on level 10 of the Dungeon.
             The game lasted 00:13:32 (9361 turns).

Dittersdorf the Protected (Gargoyle Fighter)        Turns: 9361, Time: 00:13:32

Health: -3/72      AC: 29    Str: 26    XL:     11   Next: 2%
Magic:  11/11      EV:  4    Int: 13    God:    Okawaru [*.....]
Gold:   375        SH: 14    Dex:  9    Spells: 10/10 levels left

rFire   . . .      SeeInvis .    y - +9 hammer of Iconoclasm {heavy, rElec rN+ Str+2 Int+4}
rCold   . . .      Faith    +    h - +0 tower shield
rNeg    + + .      Spirit   .    t - +0 plate armour
rPois   ∞          Reflect  .    B - +0 helmet
rElec   +          Harm     .    m - +0 cloak
rCorr   .          Rampage  .    j - +1 pair of gloves
Will    .....                    A - +0 pair of boots Stlth
                                 b - amulet of Geryi {Faith Regen+ Stlth+}
HPRegen 1.12/turn                (no ring)
MPRegen 0.12/turn                (no ring)

@: mighty
A: sickness immunity, AC +8, negative energy resistance 1, electricity
resistance, torment resistance 1, petrification resistance
a: Renounce Religion, Heroism


You were on level 10 of the Dungeon.
You worshipped Okawaru.
Okawaru was aware of your devotion.
You visited 2 branches of the dungeon, and saw 11 of its levels.

You collected 375 gold pieces.

Inventory:

Hand Weapons
 f - a +3 flail of protection
 y - the +9 hammer of Iconoclasm (weapon) {heavy, rElec rN+ Str+2 Int+4}
   (You found it on level 6 of the Dungeon)

   Str:       It affects your strength (+2).
   Int:       It affects your intelligence (+4).
   rElec:     It insulates you from electricity.
   rN:        It protects you from negative energy.
Armour
 h - a +0 tower shield (worn)
 j - a +1 pair of gloves (worn)
 m - a +0 cloak (worn)
 t - a +0 plate armour (worn)
 A - a +0 pair of boots (worn)
 B - a +0 helmet (worn)
Jewellery
 b - the amulet of Geryi (around neck) {Faith Regen+ Stlth+}
   (You acquired it on level 5 of the Dungeon)

   [amulet of faith]

   It allows you to gain divine favour quickly.
   Regen:     It increases your rate of health regeneration.
   Stlth:     It makes you more stealthy.
Wands
 a - a wand of digging (7)
 k - a wand of flame (8)
Scrolls
 e - 5 scrolls of teleportation
 g - a scroll of enchant weapon
 i - a scroll of magic mapping
 n - a scroll of poison
 q - a scroll of enchant armour
Potions
 c - 2 potions of mutation {unknown}
 d - a potion of might
 l - 2 potions of curing
 p - 2 potions of flight
 r - 2 potions of heal wounds
 s - a potion of magic
 u - 2 potions of attraction
 v - 2 potions of resistance
 w - a potion of brilliance
 E - a potion of ambrosia


   Skills:
 + Level 9.6 Fighting
 + Level 8.5 Maces & Flails
 + Level 9.7 Armour
 + Level 9.7 Shields


You had 10 spell levels left.
You didn't know any spells.
Your spell library contained the following spells:

 Spells                   Type           Power      Damage    Failure   Level
 Sandblast                Erth           0%         2d4       100%        1
 Lesser Beckoning         Tloc           0%         N/A       100%        2
 Passwall                 Tmut/Erth      0%         N/A       100%        2
 Gell's Gravitas          Tloc           0%         N/A       100%        3
 Stone Arrow              Conj/Erth      0%         3d7       100%        3
 Teleport Other           Tloc           0%         N/A       100%        3
 Dispel Undead            Necr           0%         3d6       100%        4
 Cigotuvi's Dreadful Rot  Necr/Pois/Air  Unusable   N/A       N/A         2
 Death Channel            Necr           Unusable   N/A       N/A         6

Dungeon Overview and Level Annotations

Branches:
Dungeon (10/15)            Temple (1/1) D:6            Lair (0/5) D:8
    Orc (0/2) D:9

Altars:
Ashenzari
Cheibriados
Dithmenos
Elyvilon
Fedhas
Gozag
Hepliaklqana
Kikubaaqudgha
Makhleb
Nemelex Xobeh
Okawaru
Qazlal
Ru
Sif Muna
Trog
Uskayaw
Wu Jian
Xom
Yredelemnul
Zin
The Shining One

Shops:
D:1 *


Innate Abilities, Weirdness & Mutations

You are immune to sickness and miasma.
Your stone body is resilient. (AC +8)
You are immune to poison.
You resist negative energy. (rN+)
You are resistant to electric shocks. (rElec)
You are resistant to unholy torment.
You are immune to petrification.


Message History

You block the yaktaur's attack.
The yaktaur wields a +3 arbalest of freezing.
It is covered in frost.
The yaktaur shoots a bolt.
You block the bolt.
You hit the yaktaur but do no damage. You block the yaktaur's attack.
You block the orc knight's attack. The yaktaur hits you.
You sock the yaktaur!
The yaktaur is moderately wounded.
The orc knight hits you with a +3 dire flail of venom!!
The yaktaur barely misses you.
The orc knight hits you with a +3 dire flail of venom!
You block the yaktaur's attack.
You sock the yaktaur!
The yaktaur is moderately wounded.
The orc knight hits you but does no damage.
You block the yaktaur's attack. The orc knight barely misses you.
You thump the yaktaur!
The yaktaur is heavily wounded.
The yaktaur hits you but does no damage.
You block the orc knight's attack. You block the yaktaur's attack.
You barely miss the yaktaur.
The yaktaur is heavily wounded.
The orc knight hits you with a +3 dire flail of venom!
The yaktaur hits you but does no damage.
You block the orc knight's attack. The yaktaur hits you.
* * * LOW HITPOINT WARNING * * *
You feel very mighty all of a sudden.
The orc knight hits you but does no damage.
You block the yaktaur's attack.
You closely miss the orc knight.
The orc knight hits you but does no damage.
The yaktaur hits you!
* * * LOW HITPOINT WARNING * * *
The orc knight hits you with a +3 dire flail of venom!
* * * LOW HITPOINT WARNING * * *
You block the yaktaur's attack.
You sock the orc knight!
The orc knight is lightly wounded.
You are no longer corroded.
The orc knight hits you with a +3 dire flail of venom!
You die...

,* *,,,*##########******,* ,*
*****#<........,,,,**,* **
*,*#.........,,,,**,* *
*,*#..#########,,**,*
*,*#..#.......#,,**,****
*,*#..#.......#,,**,,,,,
*,*#..#..($=..#,,**,,**,
*,*#.coc.$|$...,,**,,,,,
*,*#..#@.)$?..#,,**,,*,,
*,*#.o#.......#,,**,**,,
*,*#D.#.......#,,**,**,,
*,*#..#########,,**,*,,,
*,*#...,,,,,,,,,,**,*,*>
**********,*#...,,,,,,,,,>**,,,*,
,,,,,,,,,*,*###***************,*,
*******,,,,****** *** *,,,,,
*,****,,,,* *,* ***,**


You could see an orc knight and 2 yaktaurs.

Vanquished Creatures
  2 two-headed ogres (D:9)
  A troll (D:7)
  Grinder (D:3)
  Prince Ribbit (D:5)
  A hornet (D:8)
  A shadow (D:8)
  4 yaks (D:8)
  3 wargs (D:9)
  2 water moccasins
  4 orc warriors
  2 sky beasts
  A black bear (D:5)
  An ice beast (D:5)
  2 wolves (D:8)
  2 centaurs (D:8)
  A phantom (D:6)
  4 bullfrogs
  A necrophage (D:8)
  3 scorpions
  2 gnoll sergeants
  11 killer bees
  2 electric eels (D:8)
  4 howler monkeys
  4 hounds (D:8)
  A jelly (D:5)
  3 orc priests (D:5)
  A gnoll bouda (D:8)
  Crazy Yiuf (D:6)
  3 iguanas
  9 orc wizards
  13 gnolls
  13 adders
  A shadow imp (D:6)
  A white imp (D:7)
  2 dart slugs
  25 orcs
  3 bats
  6 endoplasms
  5 giant cockroaches
  7 goblins
  8 hobgoblins
  A quokka (D:5)
  10 ball pythons
  5 frilled lizards
  5 kobolds
  6 rats
189 creatures vanquished.

Vanquished Creatures (others)
  A killer bee (D:8)
  4 plants
5 creatures vanquished.

Grand Total: 194 creatures vanquished

Notes
Turn   | Place    | Note
-------+----------+-------------------------------------------
     0 | D:1      | Dittersdorf the Gargoyle Fighter began the quest for the
                  | Orb.
     0 | D:1      | Reached XP level 1. HP: 14/14 MP: 1/1
   149 | D:1      | Reached XP level 2. HP: 19/19 MP: 2/2
   181 | D:1      | Found Zecyogy's Assorted Antiques.
   302 | D:1      | Found a faded altar of an unknown god.
   858 | D:2      | Reached XP level 3. HP: 19/23 MP: 3/3
  1129 | D:2      | Identified the +4 mace of Fortitude {flame, rC+ Int+3}
  1305 | D:2      | Reached XP level 4. HP: 29/29 MP: 4/4
  1976 | D:3      | Noticed Grinder
  1986 | D:3      | Paralysed by Grinder for 4 turns
  1996 | D:3      | Killed Grinder
  1997 | D:3      | Reached XP level 5. HP: 26/34 MP: 5/5
  1997 | D:3      | Reached XP level 6. HP: 30/39 MP: 6/6
  2370 | D:3      | Found a bloodstained altar of Trog.
  2623 | D:4      | Found a stormy altar of Qazlal.
  2623 | D:4      | Found a glowing silver altar of Zin.
  3108 | D:4      | Reached skill level 5 in Armour
  3108 | D:4      | Reached skill level 5 in Shields
  3471 | D:5      | Entered Level 5 of the Dungeon
  3481 | D:5      | Reached skill level 5 in Fighting
  3481 | D:5      | Reached XP level 7. HP: 41/44 MP: 7/7
  3494 | D:5      | Identified a scroll of acquirement
  3494 | D:5      | Acquired the amulet of Geryi {Faith Regen+ Stlth+}
  3611 | D:5      | Found a hazy altar of Hepliaklqana.
  3654 | D:5      | Found a snail-covered altar of Cheibriados.
  3840 | D:5      | Noticed Prince Ribbit
  3849 | D:5      | Killed Prince Ribbit
  3850 | D:5      | Reached XP level 8. HP: 33/51 MP: 8/8
  4032 | D:5      | Reached skill level 5 in Maces & Flails
  4479 | D:6      | Found a glowing golden altar of the Shining One.
  4516 | D:6      | Found a staircase to the Ecumenical Temple.
  4525 | Temple   | Entered the Ecumenical Temple
  4807 | D:6      | Reached XP level 9. HP: 56/56 MP: 9/9
  5055 | D:6      | Found a runed translucent door.
  5056 | D:6      | Noticed Crazy Yiuf
  5058 | D:6      | Identified the +9 hammer of Iconoclasm {heavy, rElec rN+
                  | Str+2 Int+4}
  5065 | D:6      | Killed Crazy Yiuf
  6593 | D:8      | Noticed a troll
  6612 | D:8      | HP: 1/57 [electric eel/bolt of electricity (3)]
  6703 | D:7      | Killed a troll
  6852 | D:8      | Reached XP level 10. HP: 57/64 MP: 10/10
  7216 | D:8      | Found a staircase to the Lair.
  8127 | D:8      | Found a staircase to the Lair.
  8533 | D:9      | Noticed a two-headed ogre
  8542 | D:9      | Killed a two-headed ogre
  8586 | D:9      | Found a shimmering altar of Xom.
  8587 | D:9      | Found a basalt altar of Yredelemnul.
  8588 | D:9      | Found an ornate altar of the Wu Jian Council.
  8590 | D:9      | Found an iron altar of Okawaru.
  8591 | D:9      | Found an opulent altar of Gozag.
  8593 | D:9      | Became a worshipper of Warmaster Okawaru
  8851 | D:9      | Found a staircase to the Orcish Mines.
  8941 | D:9      | Noticed a two-headed ogre
  8950 | D:9      | Killed a two-headed ogre
  8950 | D:9      | Reached * piety under Okawaru
  8951 | D:9      | Reached XP level 11. HP: 68/71 MP: 11/11
  9344 | D:10     | Entered Level 10 of the Dungeon
  9349 | D:10     | Noticed an orc knight
  9360 | D:10     | HP: 2/72 [orc knight/+3 dire flail of venom (12)]
  9361 | D:10     | Slain by an orc knight

Illustrated notes

Levels and vault maps discovered:
D:1:      ebering_hopf_link, layout_basic, serial_shops, nicolae_shop_stone,
          ebering_ecumenical_altar_webs
D:2:      layout_basic
D:3:      layout_basic, trog_hazing_becter, saegor_snake_ambush, uniq_grinder
D:4:      layout_basic, gammafunk_temple_overflow_wave,
          nicolae_underground_beach
D:5:      layout_basic, mainiacjoe_overflow_alcove_4, lemuel_crystal_altar,
          uniq_prince_ribbit1
D:6:      layout_basic, mainiacjoe_overflow_alcove_1,
          minmay_temple_entry_gardened_gates, uniq_crazy_yiuf_cottage
D:7:      layout_basic, minmay_misc_feat_plants
D:8:      layout_basic, erik_lair_island, chequers_serial_rivers_small_3
D:9:      layout_basic, minitemple, minmay_orc_entry_guard_dogs,
          hangedman_decor_slide_cut
D:10:     cheibrodos_elevator_heist, layout_loops_ring, kennysheep_mini,
          enter_bailey_2, trove_entry_hex_spiral, uniq_gastronok
Temple:   dpeg_chambers_temple

Skill      XL: |  1  2  3  4  5  6  7  8  9 10 |
---------------+-------------------------------+-----
Armour         | 4 5 6 8 9 |  9.7
Fighting       | 4 5 6 8 9 |  9.6
Maces & Flails | 3 4 5 7 8 |  8.5
Shields        | 4 5 6 8 9 |  9.7

Action                     |  1- 3 |  4- 6 |  7- 9 | 10-12 || total
---------------------------+-------+-------+-------+-------++-------
  Melee: Flail             |   106 |       |       |       ||   106
         Mace              |    23 |    95 |   278 |   135 ||   531
    Use: Scroll            |       |     4 |    13 |     6 ||    23
         Potion            |       |       |     6 |     1 ||     7
 Armour: Scale mail        |    71 |    49 |       |       ||   120
         Chain mail        |       |       |   281 |    16 ||   297
         Plate armour      |       |       |       |   109 ||   109
  Dodge: Dodged            |    66 |    41 |   168 |    37 ||   312
  Block: Buckler           |    28 |    16 |   128 |    48 ||   220
         Tower shield      |       |       |       |    46 ||    46

Table legend: (Time is in decaauts)
 A = Elapsed time spent in this place.
 B = Non-inter-level travel time spent in this place.
 C = Inter-level travel time spent in this place.
 D = Time resting spent in this place.
 E = Time spent auto-exploring this place.
 F = Levels seen in this place.
 G = Mean time per level.
                   A        B        C        D        E       F      G
               +--------+--------+--------+--------+--------+-----+--------+
         Total |   9644 |   9107 |    537 |    311 |   7009 |  11 |  876.7 |
       Dungeon |   9430 |   8893 |    537 |    311 |   6806 |  10 |  943.0 |
        Temple |    214 |    214 |      0 |      0 |    203 |   1 |  214.0 |
               +--------+--------+--------+--------+--------+-----+--------+

Top non-repeatable levels by time:
     D:8: 2026 daAuts
     D:4: 1097 daAuts
     D:7: 1053 daAuts
     D:9: 977 daAuts
     D:5: 931 daAuts
     D:2: 894 daAuts
     D:1: 866 daAuts
     D:6: 805 daAuts
     D:3: 754 daAuts
  Temple: 214 daAuts
    D:10: 22 daAuts
